 Dungeon Crawl Stone Soup version 0.20.2-3-g29329e0561 (webtiles) character file.

1015 Alfie the Cutter (level 8, -8/69 HPs)
             Began as a Hill Orc Fighter on Mar 4, 2024.
             Mangled by an orc warrior
             ... wielding a +0 trident
              (13 damage)
             ... on level 6 of the Dungeon.
             The game lasted 00:11:18 (3827 turns).

Alfie the Cutter (Hill Orc Fighter)                 Turns: 3827, Time: 00:11:18

Health: -8/69      AC:  9    Str: 21    XL:     8   Next: 21%
Magic:  8/8        EV:  8    Int:  8    God:
Gold:   273        SH: 10    Dex: 10    Spells: 7/7 levels left

rFire    x . .     SeeInvis .   a - +0 rapier
rCold    + . .     Gourm    .   c - +0 shield
rNeg     . . .     Faith    .   b - +0 scale mail
rPois    +         Spirit   .   B - +0 helmet
rElec    .         Reflect  .   (no cloak)
rCorr    .         Harm     .   (no gloves)
MR       .....                  y - +0 pair of boots
Stlth    ..........             (no amulet)
Regen    0.3/turn               g - ring of ice
MPRegen  0.2/turn               C - ring of poison resistance

@: no status effects
A: no striking features
a: no special abilities


You were on level 6 of the Dungeon.
You were not hungry.

You visited 1 branch of the dungeon, and saw 6 of its levels.

You collected 338 gold pieces.
You spent 65 gold pieces at shops.

Inventory:

Hand Weapons
 a - a +0 rapier (weapon)
Missiles
 E - 5 poisoned tomahawks (quivered)
Armour
 b - a +0 scale mail (worn)
 c - a +0 shield (worn)
 y - a +0 pair of boots (worn)
 B - a +0 helmet (worn)
Jewellery
 g - a ring of ice (left hand)
 C - a ring of poison resistance (right hand)
 F - an uncursed ring of positive energy
Wands
 D - a wand of flame (7/48)
 H - a wand of random effects (27/48)
Scrolls
 e - 2 scrolls of remove curse
 i - a scroll of enchant armour {unknown}
 k - a scroll of recharging {unknown}
 l - 4 scrolls of teleportation
 m - a scroll of enchant weapon {unknown}
 o - a scroll of identify
 u - 2 scrolls of fog
Potions
 d - 2 potions of might
 h - a potion of brilliance {unknown}
 j - a potion of flight {unknown}
 n - a potion of cancellation {unknown}
 p - a potion of curing
 q - a potion of mutation {unknown}
 r - a potion of agility {unknown}
 v - a potion of heal wounds {unknown}
 w - 2 potions of resistance {unknown}
 x - a potion of lignification {unknown}
 A - a potion of ambrosia
 G - a potion of degeneration {unknown}
Comestibles
 f - 2 bread rations
 t - 3 meat rations


   Skills:
 + Level 5.5 Fighting
 + Level 6.1 Short Blades
 + Level 0.3 Throwing
 + Level 5.3 Armour
 + Level 1.8 Dodging
 + Level 0.5 Stealth
 + Level 5.4 Shields


You had 7 spell levels left.
You didn't know any spells.

Dungeon Overview and Level Annotations

Branches:
Dungeon (6/15)
 Temple: D:4-7

Altars:
Dithmenos
Elyvilon
Trog
Yredelemnul

Shops:
D:4 (   D:5 =


Message History

The orc warrior hits you with a trident.
* * * LOW HITPOINT WARNING * * *
It was a potion of curing.
You feel better.
You feel less invigorated.
The orc wizard mumbles some strange words.
The orc wizard flickers and vanishes!
Deactivating autopickup; reactivate with Ctrl-A.
The orc wizard mumbles some strange words.
The orc wizard blinks!
You block the orc warrior's attack.
You hit the orc warrior.
The orc warrior is severely wounded.
You barely miss the orc warrior.
The orc warrior is severely wounded.
The orc wizard casts a spell.
The orc wizard blinks!
The orc warrior hits you with a trident!
* * * LOW HITPOINT WARNING * * *
You hit the orc warrior.
The orc warrior is severely wounded.
The orc warrior hits you with a trident!
You die...

********* ,,,,,,,,* ,,*****,*
,,* *,* ####### ,,* *,* *#...(.#
,,* *,***** ########......###
,,*****,,,,,*
#.@o{...........#**
,,,,,,,,,,,,*
####o#..#........,,
,,,,,,,,,,,,* ##...##o..!....,,
,,,,,,,,,,,,* *#....##...(..#***
,,*****,,,,,* *#..##.$)..#**,,**
,,* *,,,,,**#..##.....#####,,*
,,* *,,,,,*...##.....ยง....#*,*
,,* *,,,,,,..##!..........##.*
,,*****,,,,,,..##..............*


You could see an orc warrior and an orc.

Vanquished Creatures
  3 ice beasts
  A phantom (D:5)
  An ogre (D:5)
  Blork the orc (D:5)
  A crimson imp (D:5)
  A bullfrog skeleton (D:4)
  An orc priest (D:5)
  Jessica (D:2)
  An iguana (D:4)
  3 orc wizards
  2 worker ants (D:4)
  8 adders
  4 gnolls (D:4)
  An ooze (D:3)
  An adder skeleton (D:5)
  2 worms (D:3)
  2 dart slugs (D:1)
  5 leopard geckos
  13 orcs
  8 bats
  10 giant cockroaches
  8 goblins
  8 hobgoblins
  4 jackals (D:3)
  10 frilled lizards
  5 kobolds
  A leopard gecko zombie (D:5)
  8 rats
114 creatures vanquished.

Notes
Turn   | Place    | Note
-------+----------+-------------------------------------------
     0 | D:1      | Alfie the Hill Orc Fighter began the quest for the Orb.
     0 | D:1      | Reached XP level 1. HP: 19/19 MP: 1/1
    74 | D:1      | Reached XP level 2. HP: 27/27 MP: 2/2
    79 | D:1      | Found a shadowy altar of Dithmenos.
   311 | D:1      | Reached XP level 3. HP: 16/33 MP: 3/3
   743 | D:2      | Found a bloodstained altar of Trog.
   751 | D:2      | Noticed Jessica
   761 | D:2      | Killed Jessica
   761 | D:2      | Reached XP level 4. HP: 38/40 MP: 4/4
  1363 | D:3      | Reached skill level 3 in Short Blades
  1407 | D:3      | Reached XP level 5. HP: 46/46 MP: 5/5
  1653 | D:3      | Found a white marble altar of Elyvilon.
  1977 | D:4      | Reached skill level 1 in Dodging
  2056 | D:4      | Reached skill level 4 in Short Blades
  2056 | D:4      | Reached XP level 6. HP: 32/53 MP: 6/6
  2465 | D:4      | Found Wudeuheub's Weapon Emporium.
  2471 | D:4      | Bought 5 poisoned tomahawks for 65 gold pieces
  2820 | D:5      | Entered Level 5 of the Dungeon
  2848 | D:5      | Found a basalt altar of Yredelemnul.
  2862 | D:5      | Noticed a phantom
  2985 | D:5      | Killed a phantom
  2985 | D:5      | Reached XP level 7. HP: 33/60 MP: 7/7
  3025 | D:5      | Reached skill level 5 in Short Blades
  3081 | D:5      | Reached skill level 5 in Armour
  3081 | D:5      | Reached skill level 5 in Shields
  3085 | D:5      | Reached skill level 5 in Fighting
  3150 | D:5      | Noticed Blork the orc
  3163 | D:5      | Killed Blork the orc
  3226 | D:5      | Found Cigop's Jewellery Shoppe.
  3594 | D:5      | Reached skill level 6 in Short Blades
  3594 | D:5      | Reached XP level 8. HP: 65/69 MP: 8/8
  3822 | D:6      | HP: 1/69 [orc warrior/trident (10)]
  3827 | D:6      | Mangled by an orc warrior

Skill      XL: |  1  2  3  4  5  6  7 |
---------------+----------------------+-----
Fighting       | 4 5 |  5.5
Shields        | 4 5 |  5.4
Armour         | 4 5 |  5.3
Short Blades   | 3 4 6 |  6.1
Dodging        | 1 |  1.8
Throwing       | |  0.3
Stealth        | |  0.5

Action                   |  1- 3 |  4- 6 |  7- 9 || total
-------------------------+-------+-------+-------++-------
Melee: Rapier            |   119 |   298 |   118 ||   535
Throw: Tomahawk          |       |     2 |     4 ||     6
  Use: Scroll            |       |     4 |     1 ||     5
       Potion            |       |       |     3 ||     3
  Eat: Fruit             |       |     8 |       ||     8
       Bread ration      |       |       |     1 ||     1
       Royal jelly       |       |       |     1 ||     1
Armor: Scale mail        |    43 |   134 |    37 ||   214
Dodge: Dodged            |    37 |    70 |    17 ||   124
Block: Shield            |    62 |   141 |    54 ||   257
